 Dungeon Crawl Stone Soup version 0.10.0-32-gfa280cc character file.

290 whlr the Grave Robber (level 5, -1/43 HPs)
             Began as a Deep Dwarf Necromancer on Mar 28, 2012.
             Slain by a gnoll
             ... wielding a +2,+0 flail
              (12 damage)
             ... on Level 3 of the Dungeon.
             The game lasted 00:28:26 (3008 turns).

whlr the Grave Robber (Deep Dwarf Necromancer)      Turns: 3008, Time: 00:28:26

HP  -1/43        AC  3     Str 12      XL: 5   Next: 46%
MP   1/11        EV 13     Int 16      God:
Gold 110         SH  0     Dex 13      Spells:  4 memorised,  3 levels left

Res.Fire  : . . .   See Invis. : .   y - +0,+2 orc dagger (flame)
Res.Cold  : . . .   Warding    : . . a - +0 robe
Life Prot.: . . .   Conserve   : .   (no shield)
Res.Acid. : . . .   Res.Corr.  : .   (no helmet)
Res.Poison: .       Clarity    : .   (no cloak)
Res.Elec. : .       Spirit.Shd : .   (no gloves)
Sust.Abil.: . .     Stasis     : .   o - +0 pair of boots
Res.Mut.  : .       Ctrl.Telep.: .   (no amulet)
Res.Rott. : .       Levitation : .   (no ring)
Saprovore : . . .   Ctrl.Flight: .   (no ring)

@: non-regenerating, mildly poisoned, somewhat resistant to hostile
enchantments, fairly stealthy
A: damage resistance, recharge devices, sense surroundings 1, slow healing 3
a: Device Recharging


You were on level 3 of the Dungeon.
You were hungry.

You visited 1 branch of the dungeon, and saw 3 of its levels.

You collected 90 gold pieces.

Inventory:

Hand weapons
 f - a +0,+0 short sword
 j - a +0,+0 short sword
 p - a +1,+1 dagger of returning
 q - a +2,+0 dwarven flail of holy wrath
 w - a +2,+0 elven dagger
 y - a +0,+2 orcish dagger of flaming (weapon)
Missiles
 h - 64 +0 stones
 k - 7 +0 darts (quivered)
 t - 5 +1 darts
 v - 30 +0 bolts
Armour
 a - a +0 robe (worn)
 o - a +0 pair of boots (worn)
Magical devices
 c - a wand of heal wounds (0)
Comestibles
 d - 3 bread rations
 r - a rotting chunk of rat flesh
 u - 2 rotting chunks of worm flesh
 x - a choko
Scrolls
 e - a scroll of recharging {unknown}
 i - a scroll of detect curse {unknown}
 n - a scroll of amnesia
Potions
 m - a potion of restore abilities
Books
 b - a book of Necromancy

   Spells                             Type                      Level
   *Pain                              Necromancy                   1
   *Animate Skeleton                  Necromancy                   1
   *Lethal Infusion                   Charms/Necromancy            2
   *Vampiric Draining                 Necromancy                   3
   Regeneration                       Charms/Necromancy            3
   Animate Dead                       Necromancy                   4
   Control Undead                     Necromancy                   4


   Skills:
 + Level 3.1 Fighting
 + Level 3.2 Dodging
 - Level 2.4 Stealth
 * Level 3.2 Spellcasting
 + Level 4.8 Necromancy


You had 3 spell levels left.
You knew the following spells:

 Your Spells              Type           Power        Failure   Level  Hunger
a - Pain                  Necr           ####.        2%          1    None
b - Animate Skeleton      Necr           N/A          2%          1    None
c - Vampiric Draining     Necr           ####......   10%         3    Choko
d - Lethal Infusion       Chrm/Necr      ###.......   12%         2    Choko

Dungeon Overview and Level Annotations

Branches:
Dungeon (3/27)

Altars:
Trog


Innate Abilities, Weirdness & Mutations

You are resistant to damage.
You can recharge devices by infusing magical energy.
You passively map a small area around you.
You do not heal naturally.


Message History

Aim: a gnoll, wielding a war axe The gnoll convulses in agony!
You feel a little better. The gnoll misses you.
You open the door. The gnoll barely misses you.
There is an open door here.
The gnoll picks up a spear.
Found a ring mail.
The gnoll hits you with a flail!
* * * LOW HITPOINT WARNING * * *
The gnoll throws a spear.
The spear misses you.
You smell something rotten. (slot r)
You feel a little better.
Casting: Pain
Confirm with . or Enter, or press ? or * to list all spells.
Aiming: Pain
Press: ? - help, Shift-Dir - straight line, f/p - gnoll
Aim: a gnoll, wielding a war axe (lightly wounded)
The gnoll convulses in agony!
The gnoll hits you with a flail!
You die...

.##... #.##.............#
.....####................#
....................####+#
#..............####......
#..............##.#...... , ,
, #.................#......
................g.#..... ,
............)...g........ ,
........[.#.....@......... ,
..........#....#......... , ,
+#........#+####....f.##, , ,
.#...........###......# +#+
..>....(.....#..(.....# ....
....##.......#........# .....
.............#........#.......
.............#...........# *
.............#.%.#.z....#.....


You could see 2 gnolls.

Vanquished Creatures
  An orc wizard (D:3)
  5 gnolls (D:3)
  2 adders (D:2)
  2 worms
  A giant gecko (D:2)
  3 orcs (D:3)
  2 ball pythons
  2 giant cockroaches
  6 hobgoblins
  2 jackals (D:1)
  5 kobolds
  A quokka (D:3)
  5 bats
  7 giant newts
  6 goblins
  13 rats
63 creatures vanquished.

Vanquished Creatures (collateral kills)
  A big kobold skeleton (D:3)
  An ooze (D:3)
  A giant cockroach (D:1)
  A goblin (D:1)
  A ball python (D:2)
  A bat (D:2)
  A kobold (D:3)
  A rat (D:2)
8 creatures vanquished.

Vanquished Creatures (others)
  A bat skeleton (D:2)
  A ball python skeleton (D:3)
  A giant gecko skeleton (D:2)
  A giant newt skeleton (D:3)
  A goblin (D:2)
  2 goblin skeletons
  2 kobold skeletons (D:3)
  A quokka skeleton (D:3)
  2 rat skeletons
  A toadstool (D:1)
13 creatures vanquished.

Grand Total: 84 creatures vanquished

Notes
Turn   | Place    | Note
--------------------------------------------------------------
     0 | D:1      | whlr, the Deep Dwarf Necromancer, began the quest for the Orb.
     0 | D:1      | Reached XP level 1. HP: 15/15 MP: 3/3
   244 | D:1      | Reached skill level 1 in Fighting
   244 | D:1      | Reached XP level 2. HP: 11/22 MP: 4/4
   276 | D:1      | Learned a level 1 spell: Animate Skeleton
  1351 | D:2      | Found a bloodstained altar of Trog.
  1478 | D:2      | Reached XP level 3. HP: 8/28 MP: 0/6
  1572 | D:2      | Learned a level 3 spell: Vampiric Draining
  2025 | D:2      | Reached XP level 4. HP: 21/37 MP: 8/8
  2596 | D:3      | Learned a level 2 spell: Lethal Infusion
  2865 | D:3      | Reached XP level 5. HP: 6/43 MP: 7/10
  2964 | D:3      | HP: 2/43 [gnoll/spear (5)]
  3008 | D:3      | Slain by a gnoll
